 Dungeon Crawl Stone Soup version 0.25-a0-184-gcd15a05269 (webtiles) character file.

Game seed: 11532817343576990873, levelgen mode: deterministic

46251 Chimkentus the Geomancer (level 14, -1/97 HPs)
             Began as an Octopode Earth Elementalist on Nov 27, 2019.
             Was a High Priest of Ru.
             Slain by a black mamba (7 damage)
             ... on level 5 of the Lair of Beasts.
             The game lasted 04:38:32 (26697 turns).

Chimkentus the Geomancer (OpEE)                    Turns: 26697, Time: 04:38:33

Health: -1/97      AC:  4    Str: 11    XL:     14   Next: 36%
Magic:  23/27      EV: 12    Int: 18    God:    Ru [*****.]
Gold:   413        SH: 19    Dex: 13    Spells: 7/32 levels left

rFire    + . .     SeeInvis +   y - +2 dagger (drain)
rCold    . . .     Gourm    .   T - +4 shield
rNeg     . . .     Faith    .   (helmet restricted)
rPois    .         Spirit   .   s - +5 amulet of reflection
rElec    .         Reflect  +   K - ring of see invisible
rCorr    +         Harm     .   D - ring of Divine Compulsion {rC++ AC+3}
MR       +....                  G - ring of protection from fire
Stlth    +++++.....             C - ring of resist corrosion
HPRegen  0.26/turn              h - +2 ring of slaying
MPRegen  0.20/turn              x - ring of wizardry
                                f - ring of fire
                                (no ring)

@: lethally poisoned (-1 -> -36)
A: almost no armour, stealthy swim, amphibious, 8 rings, constrict 8, camouflage
1, gelatinous body 1, inability to use devices, temperature sensitive
a: Draw Out Power, Power Leap, Apocalypse, Renounce Religion


You were on level 5 of the Lair of Beasts.
You worshipped Ru.
Ru was extremely pleased with you.
You were not hungry.

You visited 4 branches of the dungeon, and saw 21 of its levels.
You also visited: Bailey.

You collected 1566 gold pieces.
You spent 1153 gold pieces at shops.

Inventory:

Hand Weapons
 l - a +7 antimagic spear
 n - a +1 dagger of freezing
 t - a +0 dagger of holy wrath
 y - a +2 dagger of draining (weapon)
 L - a +2 falchion of slicing
 M - a +2 short sword of venom
 W - a +1 scimitar of draining
 X - a +0 scimitar of flaming
 Z - a +1 dagger of electrocution
Missiles
 b - 185 stones
 q - 5 silver javelins
 r - 4 javelins
 J - 5 throwing nets
 U - 8 curare-tipped darts (quivered)
Armour
 T - a +4 shield (worn)
Magical Staves
 a - an uncursed staff of energy
Jewellery
 f - a ring of fire (on tentacle)
 h - a +2 ring of slaying (on tentacle)
 s - a +5 amulet of reflection (around mantle)
 x - a ring of wizardry (on tentacle)
 C - a ring of resist corrosion (on tentacle)
 D - the ring of Divine Compulsion (right tentacle) {rC++ AC+3}
   (You bought it in a shop on level 11 of the Dungeon)

   [ring of protection]

   It affects your AC (+3).
   It greatly protects you from cold.
 G - a ring of protection from fire (on tentacle)
 K - a ring of see invisible (left tentacle)
 Q - an uncursed amulet of regeneration
 S - an uncursed ring of protection from fire
Scrolls
 e - a scroll of fog
 g - 3 scrolls of teleportation
 k - 12 scrolls of remove curse
 A - 2 scrolls of fear
 F - 5 scrolls of blinking
 N - 2 scrolls of enchant weapon
 R - a scroll of acquirement {unknown}
 V - 2 scrolls of torment {unknown}
 Y - 2 scrolls of magic mapping
Potions
 d - 2 potions of might
 i - 3 potions of haste
 j - 3 potions of magic {unknown}
 m - 2 potions of brilliance
 o - a potion of invisibility
 p - 4 potions of lignification
 u - 5 potions of flight
 v - 3 potions of curing
 w - 2 potions of berserk rage {unknown}
 z - 3 potions of resistance
 E - a potion of ambrosia {unknown}
 H - 2 potions of agility {unknown}
 I - 4 potions of cancellation {unknown}
 O - a potion of heal wounds {unknown}
 P - a potion of experience {unknown}
Comestibles
 c - 34 rations


   Skills:
 * Level 9.0 Fighting
 + Level 4.1(4.4) Short Blades
 + Level 2.5(3.7) Long Blades
   Level 0.2(1.4) Slings
 + Level 2.3(2.4) Throwing
 - Level 2.0 Dodging
 - Level 9.8 Stealth
 * Level 8.3 Shields
 + Level 9.5 Spellcasting
 * Level 7.7 Conjurations
 * Level 4.8 Charms
 + Level 0.3 Summonings
 - Level 1.9 Necromancy
 * Level 8.6 Transmutations
 + Level 0.5 Air Magic
 * Level 11.7 Earth Magic


You had 7 spell levels left.
You knew the following spells:

 Your Spells              Type           Power        Failure   Level  Hunger
a - Sandblast             Erth           ######       1%          1    None
b - Passwall              Tmut/Erth      #####...     1%          2    None
c - Stone Arrow           Conj/Erth      #####.       1%          3    None
d - Petrify               Tmut/Erth      #####...     1%          4    ###....
e - Confusing Touch       Hex            #.....       9%          1    None
f - Animate Skeleton      Necr           N/A          3%          1    None
g - Lee's Rapid Deconstr  Erth           ######....   1%          5    #####..
h - Summon Small Mammal   Summ           #...         7%          1    None
i - Apportation           Tloc           #.....       8%          1    None
j - Swiftness             Chrm/Air       ###.....     4%          2    None
k - Shock                 Conj/Air       ###.         1%          1    None
l - Dazzling Spray        Conj/Hex       ###...       4%          3    None

Your spell library contained the following spells:

 Spells                   Type           Power        Failure   Level  Hunger
 Magic Dart               Conj           ####         1%          1    None
 Searing Ray              Conj           #####.       1%          2    None
 Iskenderun's Mystic Bla  Conj           #####...     3%          4    ###....
 Static Discharge         Conj/Air       ###.....     4%          3    None
 Ignite Poison            Fire/Tmut/Pois ####....     8%          3    None
 Leda's Liquefaction      Hex/Erth       ####......   8%          4    ###....
 Corona                   Hex            #......      9%          1    None
 Call Imp                 Summ           #.......     11%         2    None
 Slow                     Hex            #.......     12%         2    None
 Force Lance              Conj/Tloc      ###.....     16%         4    ###....
 Fulminant Prism          Conj/Hex       ###.......   16%         4    ###....
 Call Canine Familiar     Summ           #.......     21%         3    None
 Gell's Gravitas          Tloc           #.........   22%         3    None
 Summon Guardian Golem    Hex/Summ       #.......     22%         3    None
 Confuse                  Hex            #.......     24%         3    None
 Inner Flame              Hex/Fire       ##......     24%         3    None
 Portal Projectile        Hex/Tloc       #.....       24%         3    None
 Yara's Violent Unravell  Hex/Tmut       ###.......   34%         5    #####..
 Lightning Bolt           Conj/Air       ###.......   38%         5    #####..
 Fireball                 Conj/Fire      ####......   41%         5    #####..
 Airstrike                Air            ##........   52%         4    ###....
 Summon Lightning Spire   Summ/Air       ##......     52%         4    ###....
 Summon Ice Beast         Ice/Summ       #.......     56%         4    ###....
 Cause Fear               Hex            #.........   58%         4    ###....
 Metabolic Englaciation   Hex/Ice        #.........   89%         5    #####..
 Bolt of Fire             Conj/Fire      ####......   91%         6    ######.
 Ring of Flames           Chrm/Fire      ####......   100%        7    #######
 Ignition                 Fire           ##........   100%        8    #######


Dungeon Overview and Level Annotations

Branches:
Dungeon (13/15)            Temple (1/1) D:5            Lair (6/6) D:8
 Shoals (0/4) Lair:2        Snake (0/4) Lair:4        Slime (0/5) Lair:5
    Orc (1/2) D:9          Bailey (visited)
 Vaults: D:13-14

Altars:
Ashenzari
Cheibriados
Dithmenos
Elyvilon
Fedhas
Gozag
Hepliaklqana
Kikubaaqudgha
Makhleb
Nemelex Xobeh
Okawaru
Qazlal
Ru
Sif Muna
Trog
Uskayaw
Vehumet
Wu Jian
Xom
Yredelemnul
Zin
The Shining One

Shops:
D:9 =   D:11 !=*

Annotations:
Lair:2 2 transporters, jytt13's ghost, journeyman MiFi
Lair:6 1 exclusion


Innate Abilities, Weirdness & Mutations

You cannot wear most types of armour.
You are very stealthy in the water. (Stealth+)
You are amphibious.
You can wear up to eight rings at the same time.
You can use your tentacles to constrict eight enemies at once.
Your skin changes colour to match your surroundings (Stealth+).
Your rubbery body absorbs attacks. (AC +1, EV +1)
You cannot study or use magical devices.
You are sensitive to extremes of temperature. (rF-, rC-)


Message History

Aim: a black mamba (almost dead)
The blast of sand misses the black mamba.
b - 186 stones You feel sick.
The black mamba bites you!
* * * LOW HITPOINT WARNING * * *
You are lethally poisoned!
The black mamba poisons you! You block the black mamba's attack.
Casting: Sandblast (safe; 1% risk of failure)
Confirm with . or Enter, or press ? or * to list all spells.
Aiming: Sandblast (safe; 1% risk of failure)
Press: ? - help, Shift-Dir - straight line, f/p - black mamba
Aim: a black mamba (almost dead)
The blast of sand misses the black mamba.
b - 185 stones
* * * LOW HITPOINT WARNING * * *
You feel very sick. The black mamba bites you!!
* * * LOW HITPOINT WARNING * * *
The black mamba bites you!
You die...

............###............###♣♣♣
....#.#.....P#..#.......≈≈≈≈≈≈≈≈♣
....#.#.#..PPP..........≈≈≈≈≈÷P≈P
.....#).#P...............≈≈≈≈≈≈P≈
.....#..............)...≈≈PP≈P≈≈≈
....!.....................≈≈≈P≈≈≈
..................P......≈≈≈P≈≈≈≈
.........................≈≈≈PP≈≈≈
................@........≈≈≈≈≈≈≈≈
...............S.........≈P≈P≈≈≈≈
...P....................≈≈≈≈P≈≈≈≈
...####.#...............≈≈PP≈≈≈≈≈
.....###..............).......♣♣♣
.....###.....###P............#...
#.........(P#.##...........###...
.#...#....#####............# ##.#
###..P....#####............# ###


You could see a black mamba.

Vanquished Creatures
  An orc warlord (Bailey)
  Erica (D:8)
  A catoblepas (Lair:2)
  3 hydras
  A two-headed ogre (D:12)
  2 death yaks
  Sonja (D:12)
  Nergalle (Lair:2)
  An unseen horror (D:12)
  2 swamp dragons (Lair:4)
  A wizard (D:12)
  3 ugly things
  2 oklob plants (Lair:5)
  A cyclops (D:11)
  3 black mambas
  3 torpor snails
  2 spiny frogs
  A kobold demonologist (D:12)
  3 rime drakes
  4 komodo dragons
  A polar bear (Lair:6)
  5 trolls
  A hornet (D:12)
  12 blink frogs
  8 slime creatures
  6 hippogriffs
  8 dream sheep
  A snapping turtle (shapeshifter) (D:12)
  3 wyverns
  39 yaks
  3 hungry ghosts
  Grum (D:9)
  3 basilisks
  A swamp worm (Lair:4)
  An acid dragon (D:12)
  7 nagas (Lair:4)
  14 water moccasins
  7 orc warriors
  6 porcupines
  3 ice beasts
  3 swamp drakes (Lair:4)
  A phantom (D:10)
  A sky beast (D:5)
  5 black bears
  A necrophage (D:5)
  5 boggarts (D:10)
  7 wolves
  9 centaurs
  7 ogres
  2 big kobolds
  12 crocodiles
  18 bullfrogs
  A gnoll sergeant (D:9)
  A water moccasin zombie (D:9)
  A wyvern skeleton (D:12)
  2 troll zombies (D:9)
  3 scorpions (D:4)
  4 killer bees (D:10)
  8 wights (D:11)
  2 electric eels (Lair:5)
  A howler monkey (D:4)
  4 crimson imps
  A quasit (D:10)
  6 hounds
  3 jellies
  2 bullfrog skeletons
  5 orc priests
  4 orc wizards
  4 iguanas
  8 worker ants
  5 ogre zombies (D:9)
  A hound zombie (D:11)
  A howler monkey zombie (D:5)
  13 gnolls
  18 adders
  2 shadow imps
  An adder zombie (D:5)
  5 oozes
  An adder skeleton (D:7)
  5 worms
  2 dart slugs (D:2)
  6 leopard geckos
  26 orcs
  4 giant cockroaches
  7 hobgoblins
  2 jackals (D:7)
  28 kobolds
  A quokka (D:2)
  2 ball pythons
  7 bats
  5 frilled lizards
  9 goblins
  A goblin skeleton (D:9)
  2 goblin zombies (D:9)
  A hobgoblin skeleton (D:9)
  3 hobgoblin zombies (D:9)
  A leopard gecko skeleton (D:4)
  2 orc skeletons (D:9)
  11 orc zombies (D:9)
  A quokka zombie (D:6)
  10 rats
  2 plants
483 creatures vanquished.

Vanquished Creatures (collateral kills)
  A death yak (Lair:5)
  A fire crab (Lair:5)
  2 oklob plants (Lair:5)
  A spiny frog (Lair:5)
  A rime drake (Lair:6)
  2 blink frogs (Lair:6)
  4 dream sheep (Lair:5)
  4 slime creatures (D:11)
  6 yaks
  2 water moccasins (Lair:2)
  2 porcupines
  3 wolves
  A big kobold (D:7)
  A wyvern skeleton (D:11)
  4 wights
  A crimson imp (D:10)
  A centaur zombie (D:11)
  A jelly (Lair:5)
  An iguana (D:7)
  A worker ant (D:10)
  An ogre zombie (D:9)
  An orc (D:8)
  A goblin skeleton (D:9)
  2 kobolds (D:7)
  4 orc zombies (D:9)
  A plant (Lair:6)
50 creatures vanquished.

Vanquished Creatures (others)
  A komodo dragon (D:11)
  A rime drake (Lair:5)
  A slime creature (D:12)
  A naga (Lair:4)
  A water moccasin (Lair:5)
  10 fungi
  10 plants
25 creatures vanquished.

Grand Total: 558 creatures vanquished

Notes
Turn   | Place    | Note
-------+----------+-------------------------------------------
     0 | D:1      | Chimkentus the Octopode Earth Elementalist began the quest
                  | for the Orb.
     0 | D:1      | Reached XP level 1. HP: 11/11 MP: 3/3
   567 | D:1      | Reached XP level 2. HP: 8/18 MP: 3/5
   571 | D:1      | Learned a level 2 spell: Passwall
   972 | D:2      | Found an ornate altar of the Wu Jian Council.
  1003 | D:2      | Reached XP level 3. HP: 18/22 MP: 2/6
  1008 | D:2      | Learned a level 3 spell: Stone Arrow
  1548 | D:2      | Reached skill level 4 in Earth Magic
  1554 | D:2      | Reached XP level 4. HP: 27/27 MP: 2/7
  1573 | D:2      | Reached skill level 1 in Fighting
  2129 | D:2      | Reached XP level 5. HP: 34/34 MP: 3/8
  3532 | D:4      | Reached XP level 6. HP: 27/39 MP: 3/10
  3735 | D:4      | Learned a level 4 spell: Petrify
  3797 | D:4      | Reached skill level 1 in Shields
  3797 | D:4      | Reached skill level 5 in Earth Magic
  4103 | D:4      | Reached skill level 1 in Short Blades
  4103 | D:4      | Reached XP level 7. HP: 45/45 MP: 3/11
  4117 | D:5      | Entered Level 5 of the Dungeon
  5025 | D:5      | Reached skill level 6 in Earth Magic
  5169 | D:5      | Reached XP level 8. HP: 43/51 MP: 9/13
  5515 | D:4      | Learned a level 1 spell: Confusing Touch
  6097 | D:5      | Found a staircase to the Ecumenical Temple.
  6100 | D:5      | Reached skill level 5 in Stealth
  6106 | Temple   | Entered the Ecumenical Temple
  6430 | D:5      | Reached skill level 1 in Conjurations
  7098 | D:6      | Reached skill level 7 in Earth Magic
  7098 | D:6      | Reached XP level 9. HP: 58/58 MP: 7/15
  7763 | D:6      | Found a sacrificial altar of Ru.
  7771 | D:6      | Became a worshipper of Ru the Awakened
  7998 | D:7      | Found a glowing golden altar of the Shining One.
  8160 | D:7      | Learned a level 1 spell: Animate Skeleton
  8644 | D:8      | Found a flagged portal.
  8653 | D:8      | Noticed Erica
  8657 | Bailey   | Entered a bailey
  8711 | Bailey   | Noticed an orc warlord
  8947 | Bailey   | Found a runed translucent gate.
  8948 | Bailey   | Found a runed translucent gate.
  8949 | Bailey   | Found a runed translucent gate.
  8958 | Bailey   | Reached skill level 1 in Necromancy
  9189 | Bailey   | Killed an orc warlord
  9189 | Bailey   | Reached skill level 5 in Fighting
  9189 | Bailey   | Reached skill level 5 in Spellcasting
  9189 | Bailey   | Reached skill level 5 in Transmutations
  9189 | Bailey   | Reached skill level 8 in Earth Magic
  9189 | Bailey   | Reached skill level 1 in Evocations
  9189 | Bailey   | Reached XP level 10. HP: 44/66 MP: 8/17
  9297 | Bailey   | Gained mutation: You cannot study or use magical devices.
                  | [Ru sacrifice]
  9297 | Bailey   | Reached * piety under Ru
  9297 | Bailey   | Reached ** piety under Ru
  9342 | D:8      | Reached skill level 1 in Throwing
  9554 | D:8      | Found a sparkling altar of Nemelex Xobeh.
  9563 | D:8      | Found a staircase to the Lair.
  9881 | D:7      | Learned a level 5 spell: Lee's Rapid Deconstruction
  9883 | D:7      | Learned a level 1 spell: Summon Small Mammal
  9885 | D:7      | Learned a level 1 spell: Apportation
  9902 | D:9      | Found a snail-covered altar of Cheibriados.
  9976 | D:9      | Noticed Grum
 10319 | D:9      | Found Iluxoa's Jewellery Shoppe.
 10327 | D:9      | Bought an uncursed ring of see invisible for 210 gold
                  | pieces
 10384 | D:9      | Killed Grum
 10528 | D:8      | Killed Erica
 10528 | D:8      | Reached skill level 9 in Earth Magic
 10780 | D:8      | Reached skill level 5 in Shields
 11005 | D:9      | Reached XP level 11. HP: 72/72 MP: 8/19
 11296 | D:9      | Found a staircase to the Orcish Mines.
 11658 | D:10     | Entered Level 10 of the Dungeon
 11786 | D:10     | Noticed a red ugly thing
 11869 | D:10     | Killed a red ugly thing
 12592 | D:10     | Reached skill level 1 in Long Blades
 12644 | D:11     | Found Jyuxam's Jewellery Emporium.
 12695 | D:11     | Found Luxog's Assorted Antiques.
 12706 | D:11     | Bought a potion of curing for 87 gold pieces
 12706 | D:11     | Bought a scroll of teleportation for 87 gold pieces
 12706 | D:11     | Bought a potion of curing for 87 gold pieces
 13073 | D:11     | Noticed a five-headed hydra
 13206 | Lair:1   | Entered Level 1 of the Lair of Beasts
 13299 | Lair:1   | Noticed a six-headed hydra
 14019 | Lair:2   | Found a transporter.
 14019 | Lair:2   | Found a transporter.
 14028 | Lair:2   | Found a bloodstained altar of Trog.
 14036 | Lair:2   | Noticed a moth of wrath
 14038 | Lair:2   | Noticed jytt13's ghost (journeyman MiFi)
 14038 | Lair:2   | Noticed a moth of wrath
 14040 | Lair:2   | Identified the +3 demon trident "Vecown" {antimagic, rElec
                  | Dex+4}
 14040 | Lair:2   | Noticed a spriggan rider
 14041 | Lair:2   | Identified the cursed +0 morningstar of Sharkskin {protect,
                  | Str+2 Int+2 Dex+2}
 14041 | Lair:2   | Noticed a spriggan berserker
 14049 | Lair:2   | Identified the cursed +3 trident of the Nexus {protect, rN+
                  | Str+4 Dex+2}
 14049 | Lair:2   | Noticed a spriggan rider
 14137 | Lair:2   | Found a staircase to the Shoals.
 14235 | Lair:2   | Learned a level 2 spell: Swiftness
 14237 | Lair:2   | Learned a level 1 spell: Shock
 14361 | Lair:2   | Noticed an eight-headed hydra
 14373 | Lair:2   | Killed an eight-headed hydra
 14373 | Lair:2   | Reached skill level 1 in Charms
 14373 | Lair:2   | Reached skill level 10 in Earth Magic
 14383 | Lair:2   | Reached skill level 5 in Conjurations
 14387 | Lair:2   | Noticed a catoblepas
 14463 | Lair:2   | Noticed Nergalle
 14479 | Lair:2   | Noticed a spectral orc warlord
 14480 | Lair:2   | Killed Nergalle
 14728 | Lair:1   | Reached XP level 12. HP: 50/80 MP: 16/22
 15289 | Lair:2   | Killed a catoblepas
 16976 | Lair:4   | Found a staircase to the Snake Pit.
 17393 | Lair:4   | Noticed a seven-headed hydra
 17789 | D:11     | Found Ynlupn's Distillery.
 17876 | D:11     | Bought the ring of Divine Compulsion {rC++ AC+3} for 682
                  | gold pieces
 18073 | D:12     | Noticed Sonja
 18086 | D:12     | Killed Sonja
 18719 | D:12     | Noticed a two-headed ogre
 18732 | D:12     | Killed a two-headed ogre
 19117 | D:12     | Reached XP level 13. HP: 88/88 MP: 21/25
 20570 | D:11     | Reached skill level 11 in Earth Magic
 21381 | Orc:1    | Entered Level 1 of the Orcish Mines
 21382 | Orc:1    | Noticed a stone giant
 22852 | Lair:5   | Found a staircase to the Slime Pits.
 22947 | Lair:5   | Learned a level 3 spell: Dazzling Spray
 24088 | Lair:6   | Entered Level 6 of the Lair of Beasts
 24881 | Lair:6   | Reached XP level 14. HP: 95/95 MP: 25/27
 25573 | Lair:6   | Gained mutation: You are sensitive to extremes of
                  | temperature. (rF-, rC-) [Ru sacrifice]
 25573 | Lair:6   | Reached *** piety under Ru
 25573 | Lair:6   | Reached **** piety under Ru
 25573 | Lair:6   | Reached ***** piety under Ru
 26697 | Lair:5   | Slain by a black mamba

Levels and vault maps discovered:
D:1:      wander_arrival_chamber, layout_basic
D:2:      minmay_thinvault, layout_rooms, lemuel_crystal_altar
D:3:      layout_loops_cross
D:4:      layout_cave_pods, serial_column_ruins, column_ruins_open_tiny,
          column_ruins_columns_corner, column_ruins_open_small,
          column_ruins_grid_1, column_ruins_columns_plus,
          column_ruins_open_small, kennysheep_generic_room_5
D:5:      layout_loops_corners, minmay_temple_entry_arrows, first_ration
D:6:      layout_basic, nicolae_ru_path_of_blood
D:7:      layout_rooms, nicolae_tso_carved_into_rock, grunt_ogre_cave,
          feat_on_display
D:8:      layout_cave_pools, nemelex_xobeh_ov_fountains_minmay,
          lair_entry_dummy, enter_bailey_2, uniq_erica
D:9:      layout_long_grid, zombieorc2_lemuel, serial_shops, shop, basic_altar,
          minmay_misc_feat_pillars, uniq_grum
D:10:     layout_stronghold
D:11:     layout_grid_maze, serial_shops, shop, shop, shop, wad_dig_loot
D:12:     layout_long_grid, minmay_the_grid_2x2 [minmay_the_grid_holed_spiral,
          minmay_the_grid_empty, minmay_the_grid_minigrid_small_alt,
          minmay_the_grid_prize_inner_circle], uniq_sonja
D:13:     layout_loops_cross, david_vaults_4, uniq_frances, uniq_kirke,
          uniq_josephine, uniq_urug, uniq_maurice
Temple:   eino_narrow_crystal_temple
Lair:1:   layout_regular_city, nicolae_lair_grove_arrangements
Lair:2:   layout_regular_city, shoals_dummy_entry,
          gammafunk_ghost_wrathful_warriors, chequers_serial_rivers_large_a,
          pond, uniq_nergalle
Lair:3:   layout_roguey
Lair:4:   onia_ninara_swampy_vault, layout_cave_pods,
          minmay_snake_entry_guardpost_large, lemuel_fruit_fields
Lair:5:   layout_hall_layers, nicolae_slime_entry_slimehenge,
          minmay_lair_oklob_chamber, serial_bayou_shore_a
Lair:6:   grunt_lair_end_beastmaster, layout_layer_cave, grunt_megastairs_2
Orc:1:    layout_caves, basic_altar

Skill      XL: |  1  2  3  4  5  6  7  8  9 10 11 12 13 14 |
---------------+-------------------------------------------+-----
Stealth        | 3 4 6 7 9 |  9.8
Earth Magic    | 4 5 6 7 8 9 10 11 | 11.7
Fighting       | 1 2 3 5 6 7 8 9 |  9.0
Transmutations | 2 3 5 6 7 8 |  8.6
Shields        | 1 2 3 4 5 6 7 8 |  8.3
Short Blades   | 1 2 3 4 |  4.1
Spellcasting   | 3 4 5 7 8 9 |  9.5
Conjurations   | 1 3 5 6 7 |  7.7
Necromancy     | 1 |  1.9
Evocations     | 1 0 |  0.0
Throwing       | 1 2 |  2.3
Long Blades    | 1 2 |  2.5
Charms         | 1 3 4 |  4.8
Slings         | |  0.2
Dodging        | |  2.0
Summonings     | |  0.3
Air Magic      | |  0.5

Action                   |  1- 3 |  4- 6 |  7- 9 | 10-12 | 13-15 || total
-------------------------+-------+-------+-------+-------+-------++-------
Melee: Dagger            |    35 |    58 |   121 |   312 |   366 ||   892
       Constrict         |     6 |    15 |    22 |    48 |    44 ||   135
       Tentacles         |     3 |     6 |    26 |    71 |   103 ||   209
       Short sword       |       |     3 |       |       |       ||     3
       Scimitar          |       |       |       |    29 |    43 ||    72
       Falchion          |       |       |       |       |    13 ||    13
 Fire: Hunting sling     |       |       |       |     7 |       ||     7
Throw: Stone             |     4 |     9 |     6 |       |     1 ||    20
       Dart              |       |       |    17 |    45 |     8 ||    70
       Boomerang         |       |       |       |    70 |       ||    70
       Javelin           |       |       |       |     9 |    13 ||    22
 Cast: Sandblast         |    23 |    33 |    57 |   103 |    91 ||   307
       Passwall          |     4 |    14 |    10 |    23 |     8 ||    59
       Stone Arrow       |       |    13 |    28 |    65 |    30 ||   136
       Petrify           |       |     3 |    18 |    82 |    59 ||   162
       Animate Skeleton  |       |       |    21 |    53 |    51 ||   125
       Summon Small Mamm |       |       |       |     9 |       ||     9
       Shock             |       |       |       |    16 |    46 ||    62
       Apportation       |       |       |       |       |    12 ||    12
       Lee's Rapid Decon |       |       |       |       |     2 ||     2
       Swiftness         |       |       |       |       |     1 ||     1
Invok: Sacrifice Artific |       |       |       |     1 |       ||     1
       Reject Sacrifices |       |       |       |     2 |       ||     2
       Power Leap        |       |       |       |       |     1 ||     1
       Sacrifice Resista |       |       |       |       |     1 ||     1
Evoke: Wand              |       |       |    16 |       |       ||    16
  Use: Potion            |       |     2 |     1 |     6 |     4 ||    13
       Scroll            |       |    11 |     4 |    14 |     6 ||    35
 Stab: Sleeping          |     9 |     9 |    18 |    38 |     7 ||    81
       Distracted        |     1 |       |       |     5 |    11 ||    17
       Petrified         |       |     4 |    35 |    85 |    59 ||   183
       Invisible         |       |       |     2 |       |     2 ||     4
       Petrifying        |       |       |       |     4 |     4 ||     8
  Eat: Chunk             |     3 |    10 |    22 |    32 |    19 ||    86
       Ration            |       |       |       |     4 |     3 ||     7
Armor: Skin              |     2 |     3 |     5 |    13 |    20 ||    43
Dodge: Dodged            |    18 |    50 |    64 |   134 |    81 ||   347
Block: Buckler           |       |    11 |    37 |    92 |       ||   140
       Shield            |       |       |       |    34 |   328 ||   362
       Reflection        |       |       |       |     6 |    16 ||    22
       Rpst.: Scimitar   |       |       |       |     3 |     3 ||     6

Table legend:
 A = Non-vault XP
 B = Vault XP
 C = Vault XP percentage of total XP
 D = Non-vault monster count
 E = Vault monster count
 F = Vault count percentage of total count
                 A         B        C        D         E       F
            +---------+---------+-------+---------+---------+-------
      Total |   43963 |   22110 |  33.5 |     379 |     154 |  28.9
            +---------+---------+-------+---------+---------+-------
        D:1 |      16 |       0 |   0.0 |       9 |       0 |   0.0
        D:2 |     119 |      40 |  25.2 |      25 |      16 |  39.0
        D:3 |      91 |       0 |   0.0 |      17 |       0 |   0.0
        D:4 |     742 |       1 |   0.1 |      16 |       1 |   5.9
        D:5 |     908 |       0 |   0.0 |      21 |       0 |   0.0
        D:6 |     753 |       0 |   0.0 |      18 |       0 |   0.0
        D:7 |     826 |     122 |  12.9 |      27 |       1 |   3.6
        D:8 |    1408 |     965 |  40.7 |      17 |       1 |   5.6
        D:9 |    1165 |    1227 |  51.3 |      16 |      39 |  70.9
       D:10 |    3000 |       0 |   0.0 |      22 |       0 |   0.0
       D:11 |    4548 |     139 |   3.0 |      45 |       2 |   4.3
       D:12 |    3014 |    4304 |  58.8 |      12 |      12 |  50.0
       D:13 |     339 |       0 |   0.0 |       3 |       0 |   0.0
     Lair:1 |     746 |       0 |   0.0 |       4 |       0 |   0.0
     Lair:2 |    4928 |    1997 |  28.8 |      19 |      12 |  38.7
     Lair:3 |    2688 |       0 |   0.0 |      12 |       0 |   0.0
     Lair:4 |    3227 |    4607 |  58.8 |      19 |      17 |  47.2
     Lair:5 |   10992 |    4384 |  28.5 |      57 |      16 |  21.9
     Lair:6 |    4450 |    2407 |  35.1 |      19 |      10 |  34.5
      Orc:1 |       3 |       0 |   0.0 |       1 |       0 |   0.0
     Bailey |       0 |    1917 | 100.0 |       0 |      27 | 100.0
            +---------+---------+-------+---------+---------+-------
